 Dungeon Crawl Stone Soup version 0.26-a0-1058-g8dc6ce00ff (webtiles) character file.

Game seed: 726055518809491210

101227 Morbidden the Geomancer (level 15, -2/128 HPs)
             Began as a Grey Draconian Conjurer on Dec 13, 2020.
             Was a High Priest of Vehumet.
             Slain by a harpy (16 damage)
             ... on level 1 of the Shoals.
             The game lasted 01:17:45 (36169 turns).

Morbidden the Geomancer (Grey Draconian Conjurer)  Turns: 36169, Time: 01:17:45

Health: -2/128     AC: 18    Str:  5    XL:     15   Next: 82%
Magic:  28/31      EV: 19    Int: 26    God:    Vehumet [*****.]
Gold:   1829       SH: 13    Dex: 27    Spells: 8/39 levels left

rFire    . . .     SeeInvis .   a - +9 staff of Olgreb {rPois∞}
rCold    + . .     Faith    .   g - +4 kite shield {reflect} (curse)
rNeg     . . .     Spirit   .   (armour unavailable)
rPois    ∞         Reflect  +   S - +0 hat "Oniterar" {rPois rC+}
rElec    .         Harm     .   (no cloak)
rCorr    .         Rampage  .   l - +2 pair of gloves
Will     +....                  I - +0 pair of boots "Zexzud" {Dex+7} (curse)
Stlth    +++.......             B - amulet of magic regeneration
HPRegen  0.31/turn              Q - ring of wizardry
MPRegen  0.47/turn              q - ring of Mirth {Wiz rPois Str-5 Int+3 Dex+9}

@: about to teleport, marked
A: walk through water, unfitting armour, unbreathing, cold-blooded, AC +14
a: Renounce Religion


You were on level 1 of the Shoals.
You worshipped Vehumet.
Vehumet was extremely pleased with you.
You visited 6 branches of the dungeon, and saw 25 of its levels.
You also visited: Sewer and Volcano.

You collected 2439 gold pieces.
You spent 610 gold pieces at shops.

Inventory:

Hand Weapons
 a - the +9 staff of Olgreb (weapon) {rPois∞}
   (You found it on level 7 of the Dungeon)

   It grants immunity to poison.
 b - the +8 whip "Snakebite" {curare, rPois}
   (You found it on level 3 of the Lair of Beasts)

   It poisons the flesh of those it strikes.
   It protects you from poison.
Missiles
 e - 537 stones
 U - 2 throwing nets
Armour
 g - a cursed +4 kite shield of reflection (worn)
 l - a +2 pair of gloves (worn)
 I - the cursed +0 pair of boots "Zexzud" (worn) {Dex+7}
   (You found it on level 6 of the Lair of Beasts)

   It affects your dexterity (+7).
   It has a curse placed upon it.
 S - the +0 hat "Oniterar" (worn) {rPois rC+}
   (You bought it in a shop on level 2 of the Orcish Mines)

   It protects you from cold.
   It protects you from poison.
Jewellery
 p - an uncursed ring of fire
 q - the ring of Mirth (right hand) {Wiz rPois Str-5 Int+3 Dex+9}
   (You found it on level 3 of the Lair of Beasts)

   [ring of wizardry]

   It improves your spell success rate.
   It affects your strength (-5).
   It affects your intelligence (+3).
   It affects your dexterity (+9).
   It protects you from poison.
 u - an uncursed ring of resist corrosion
 y - an uncursed ring of poison resistance
 B - an amulet of magic regeneration (around neck)
 L - an uncursed amulet of guardian spirit
 Q - a ring of wizardry (left hand)
Wands
 z - a wand of flame (8)
 C - a wand of paralysis (25)
 F - a wand of iceblast (29)
 G - a wand of polymorph (9)
 H - a wand of digging (6)
 M - a wand of acid (8)
Scrolls
 f - 10 scrolls of remove curse
 h - 4 scrolls of teleportation
 i - a scroll of immolation
 j - 3 scrolls of enchant weapon
 r - 3 scrolls of amnesia
 v - 4 scrolls of noise
 A - a scroll of identify
 O - a scroll of torment
 R - a scroll of silence
 T - a scroll of magic mapping
Potions
 c - 6 potions of curing
 d - 2 potions of heal wounds
 k - 3 potions of berserk rage
 m - 2 potions of cancellation
 n - 2 potions of haste
 o - 5 potions of invisibility
 s - 3 potions of might
 t - a potion of lignification
 D - a potion of magic
 E - 2 potions of resistance
 J - a potion of brilliance
 N - a potion of mutation
 P - a potion of flight {unknown}
Miscellaneous
 x - a lightning rod (4/4)
 K - a tin of tremorstones (1/2)


   Skills:
 * Level 10.5 Fighting
 + Level 1.6 Short Blades
 + Level 1.7(6.0) Maces & Flails
 * Level 9.1(9.2) Staves
 * Level 8.8 Dodging
 + Level 4.1 Stealth
 * Level 4.0 Shields
 * Level 12.7 Spellcasting
 * Level 12.2 Conjurations
 + Level 3.9 Translocations
 + Level 3.4 Fire Magic
 * Level 12.8 Earth Magic
 * Level 8.6 Evocations


You had 8 spell levels left.
You knew the following spells:

 Your Spells              Type           Power        Failure   Level
a - Iron Shot             Conj/Erth      ######....   1%          6
b - Searing Ray           Conj           ######       1%          2
c - Sandblast             Erth           ######       1%          1
d - Magic Dart            Conj           ####         1%          1
e - Lee's Rapid Deconstr  Erth           ######....   1%          5
f - Bolt of Magma         Conj/Fire/Erth ######....   1%          5
g - Orb of Destruction    Conj           ######....   10%         7
z - Iskenderun's Mystic   Conj/Tloc      ######..     1%          4

Your spell library contained the following spells:

 Spells                   Type           Power        Failure   Level
 Freeze                   Ice            ###.         1%          1
 Blink                    Tloc           N/A          1%          2
 Conjure Flame            Conj/Fire      ######..     1%          3
 Dazzling Flash           Conj/Hex       #####.       1%          3
 Mephitic Cloud           Conj/Pois/Air  ######..     1%          3
 Fulminant Prism          Conj/Hex       #####.....   1%          4
 Hailstorm                Conj/Ice       #####...     1%          4
 Gell's Gravitas          Tloc           #####.....   2%          3
 Lesser Beckoning         Tloc           #####.....   2%          3
 Teleport Other           Tloc           #####...     2%          3
 Animate Skeleton         Necr           ###...       4%          1
 Pain                     Necr           ###.         4%          1
 Frozen Ramparts          Ice            ###...       4%          3
 Call Imp                 Summ           ###.....     6%          2
 Slow                     Hex            ###.....     6%          2
 Passage of Golubria      Tloc           N/A          7%          4
 Ozocubu's Armour         Ice            ###.....     11%         3
 Vampiric Draining        Necr           ###.......   11%         3
 Animate Dead             Necr           ###.......   32%         4
 Cause Fear               Hex            ###.......   32%         4
 Summon Ice Beast         Ice/Summ       ###.....     32%         4
 Yara's Violent Unravell  Hex/Tmut       ###.......   34%         5
 Agony                    Necr           ###.....     65%         5
 Silence                  Hex/Air        ###.......   65%         5
 Discord                  Hex            ###.......   100%        8


Dungeon Overview and Level Annotations

Branches:
Dungeon (14/15)            Temple (1/1) D:5            Lair (6/6) D:8
 Shoals (1/4) Lair:3        Snake (1/4) Lair:2        Slime (0/5) Lair:5
    Orc (2/2) D:9             Elf (0/3) Orc:2        Vaults (0/5) D:14
  Sewer (visited)         Volcano (visited)

Altars:
Ashenzari
Cheibriados
Dithmenos
Elyvilon
Fedhas
Gozag
Hepliaklqana
Kikubaaqudgha
Makhleb
Nemelex Xobeh
Okawaru
Qazlal
Ru
Sif Muna
Trog
Vehumet
Wu Jian
Xom
Yredelemnul
The Shining One
Lugonu

Shops:
D:9 (   Orc:2 [[[?   Snake:1 *

Annotations:
D:5 Sigmund
D:7 1 runed translucent door
D:9 2 transporters, 3 runed translucent doors
Lair:1 2 transporters, exclusion: 3 oklob plants, rlgrobin's ghost, journeyman KoDe
Lair:5 exclusion: 4 oklob plants
Shoals:1 3 runed translucent doors, Zemygg's ghost, adept SpEn


Innate Abilities, Weirdness & Mutations

You can walk through water.
Your dull iron-grey scales are very hard. (AC +14)
You cannot fit into any form of body armour.
You can survive without breathing.
You are cold-blooded and may be slowed by cold attacks.


Message History

Unknown command.
Unknown command.
Unknown command.
Casting: Olgreb's Toxic Radiance
Press: ? - help, Q - select action, (/) - cycle Dir - look around
Okay, then.
Unknown command.
You feel much better.
You kill the steam dragon!
Vehumet accepts your kill. The wind drake flaps its wings at you.
The air twists around and strikes you!
* * * LOW HITPOINT WARNING * * *
Your Shields skill increases to level 4!
Unknown command.
Unknown command.
As you read the scroll of teleportation, it crumbles to dust.
You feel strangely unstable. You block the harpy's attack. x2
The harpy claws you!
You die...

.#.♣≈≈..W#....>.# ##........≈≈≈≈
.#...≈8..#......####.........≈≈≈≈
.#..(≈≈..#...................≈≈≈≈
.#.....((#..................≈≈≈≈≈
##.(.$../#≈≈..≈≈≈≈≈.......≈≈≈≈≈≈≈
##########≈≈≈E≈≈≈≈≈.###...≈≈≈≈≈≈≈
####..≈≈≈≈≈≈≈≈≈≈≈≈≈≈###...≈≈≈≈≈≈≈
.......≈≈≈≈≈≈≈≈≈≈≈≈.......≈≈≈≈≈≈≈
≈P.P≈..≈≈≈≈≈≈≈≈≈@≈≈..#...≈≈≈≈≈≈≈≈
≈≈≈≈...≈≈≈≈)≈≈≈H≈≈≈≈..≈≈≈≈≈≈≈≈≈≈≈
≈≈≈≈.#.≈≈≈≈≈≈≈≈≈≈≈≈≈≈≈≈≈≈≈≈≈≈≈≈≈≈
P≈P≈...≈≈≈≈≈≈≈≈≈≈≈≈≈≈≈≈≈≈≈≈≈≈≈≈≈≈
≈P≈D≈≈†≈≈≈≈†≈≈≈≈≈≈≈≈≈≈≈≈≈≈≈≈≈≈≈≈≈
P≈≈P≈k≈D≈kk≈≈≈≈≈≈≈≈≈≈≈≈≈P≈≈≈≈≈≈≈≈
≈≈≈PPP≈k≈†k≈≈≈≈≈≈≈≈≈P≈≈≈P≈≈≈≈≈≈≈≈
≈≈≈≈≈≈k≈†≈≈..≈≈≈≈≈≈≈≈≈P≈≈≈≈≈.)...
≈≈≈≈≈m≈≈≈≈..≈≈≈>≈.≈≈≈P≈≈≈.≈≈....≈


You could see 2 wind drakes, a water elemental, a harpy and a rime drake
(poisoned).

Vanquished Creatures
  Saint Roka (Orc:1)
  Jorgrun (Orc:1)
  Donald (Orc:1)
  A dire elephant (Lair:4)
  The ghost of SkaryMonk the Martial Artist, a journeyman OpTm of Nemelex Xobeh (Lair:3)
  Josephine (D:9)
  3 hydras
  2 boulder beetles
  A merfolk avatar (Shoals:1)
  3 catoblepae (Lair:6)
  An anaconda (Snake:1)
  A centaur warrior (D:14)
  2 dancing weapons (D:14)
  4 two-headed ogres
  12 death yaks
  Urug (Lair:1)
  3 naga sharpshooters (Snake:1)
  3 orc high priests (Orc:2)
  Nergalle (D:11)
  4 sea snakes (Shoals:1)
  Pikel (D:9)
  18 harpies (Shoals:1)
  5 orc knights
  An ugly thing (D:13)
  A mana viper (Snake:1)
  5 orc sorcerers
  4 fauns (Shoals:1)
  7 manticores
  3 cyclopes
  13 elephants
  A salamander (Snake:1)
  Maurice (D:11)
  A guardian serpent (Snake:1)
  4 merfolk sirens
  A gargoyle (D:14)
  7 black mambas
  10 cane toads
  A torpor snail (Lair:1)
  Maggie (D:8)
  5 rime drakes
  A kobold demonologist (D:14)
  8 komodo dragons
  6 merfolk
  A tengu conjurer (D:14)
  3 wind drakes (Shoals:1)
  2 polar bears
  2 trolls
  A snapping turtle (Shoals:1)
  4 slime creatures (D:12)
  10 blink frogs
  4 dream sheep (Lair:1)
  2 shadows
  39 yaks
  A vampire (D:12)
  4 wyverns
  3 wraiths
  6 basilisks
  A steam dragon (Shoals:1)
  2 vampire mosquitoes (D:13)
  A warg (Orc:1)
  An acid dragon (D:14)
  7 soldier ants (D:7)
  Duvessa (D:6)
  4 nagas (Snake:1)
  27 water moccasins
  A hell hound (Volcano)
  5 black bears
  4 ice beasts
  27 orc warriors
  A sky beast (D:10)
  A hornet zombie (D:14)
  2 phantoms
  A necrophage (D:7)
  2 eyes of draining
  14 ogres
  5 wolves (Lair:1)
  14 centaurs
  4 lemures
  4 big kobolds
  18 bullfrogs
  Dowan (D:6)
  3 scorpions
  14 killer bees
  8 wights
  A bullfrog zombie (D:8)
  A quasit (D:10)
  A jelly (D:8)
  6 centaur skeletons
  A centaur zombie (D:6)
  18 orc priests
  10 hounds
  29 orc wizards
  6 bullfrog skeletons
  6 iguanas
  7 worker ants
  3 hound zombies
  A hound skeleton (D:11)
  A worker ant zombie (D:6)
  3 gnolls (D:6)
  21 adders
  4 white imps
  4 oozes (Sewer)
  An adder zombie (D:8)
  2 worms (D:2)
  20 leopard geckos
  69 orcs
  9 ball pythons
  14 bats
  24 giant cockroaches
  5 goblins
  4 hobgoblins
  5 jackals (D:2)
  28 kobolds
  7 quokkas
  16 frilled lizards
  A rat (D:2)
735 creatures vanquished.

Vanquished Creatures (others)
  An orc (Orc:2)
  61 fungi
  121 plants
183 creatures vanquished.

Grand Total: 918 creatures vanquished

Notes
Turn   | Place    | Note
-------+----------+-------------------------------------------
     0 | D:1      | Morbidden the Draconian Conjurer began the quest for the
                  | Orb.
     0 | D:1      | Reached XP level 1. HP: 14/14 MP: 3/3
   227 | D:1      | Reached XP level 2. HP: 20/20 MP: 3/5
   356 | D:1      | Learned a level 2 spell: Searing Ray
   842 | D:2      | Found a faded altar of an unknown god.
   901 | D:2      | Reached XP level 3. HP: 11/26 MP: 2/6
  1240 | D:2      | Reached skill level 5 in Conjurations
  1487 | D:2      | Found a sacrificial altar of Ru.
  1489 | D:2      | Found a broken altar of Ashenzari.
  1489 | D:2      | Found a glowing golden altar of the Shining One.
  1509 | D:2      | Found an opulent altar of Gozag.
  1521 | D:2      | Reached XP level 4. HP: 34/34 MP: 1/7
  2072 | D:2      | Reached skill level 1 in Fighting
  2267 | D:3      | Found a shimmering altar of Xom.
  2839 | D:4      | Noticed an ogre
  2844 | D:4      | Killed an ogre
  2845 | D:4      | Reached XP level 5. HP: 40/40 MP: 1/9
  2938 | D:4      | Noticed a phantom
  2963 | D:4      | Killed a phantom
  2964 | D:4      | Reached XP level 6. HP: 32/48 MP: 1/11
  3134 | D:4      | Found a blossoming altar of Fedhas.
  3430 | D:4      | Found a shimmering blue altar of Sif Muna.
  4253 | D:5      | Entered Level 5 of the Dungeon
  4408 | D:5      | Found a staircase to the Ecumenical Temple.
  4417 | Temple   | Entered the Ecumenical Temple
  4613 | Temple   | Became a worshipper of Vehumet
  4659 | D:5      | Noticed an ice beast
  4668 | D:5      | Killed an ice beast
  4669 | D:5      | Reached skill level 1 in Short Blades
  4669 | D:5      | Your scales start taking on a dull iron-grey colour.
  4669 | D:5      | Reached XP level 7. HP: 39/56 MP: 4/13
  4669 | D:5      | Gained mutation: You can survive without breathing. [Grey
                  | Draconian growth]
  5470 | D:5      | Noticed Sigmund
  5697 | D:6      | Found a glowing golden altar of the Shining One.
  5779 | D:6      | Found a glowing drain.
  5799 | Sewer    | Entered a sewer
  5829 | Sewer    | Learned a level 4 spell: Iskenderun's Mystic Blast
  6147 | Sewer    | Reached * piety under Vehumet
  6147 | Sewer    | Offered knowledge of Sandblast by Vehumet.
  6151 | Sewer    | Learned a level 1 spell: Sandblast
  6534 | Sewer    | Reached ** piety under Vehumet
  6534 | Sewer    | Offered knowledge of Shock by Vehumet.
  6535 | Sewer    | Reached skill level 5 in Spellcasting
  7524 | D:6      | Reached skill level 1 in Translocations
  7524 | D:6      | Reached XP level 8. HP: 62/62 MP: 8/16
  7605 | D:6      | Reached skill level 1 in Earth Magic
  7785 | D:6      | Noticed Duvessa
  7798 | D:6      | Killed Duvessa
  7807 | D:6      | Noticed Dowan
  7967 | D:6      | Killed Dowan
  8436 | D:7      | Noticed a skeletal warrior
  8436 | D:7      | Noticed a skeletal warrior
  8628 | D:7      | Found a runed translucent door.
  8629 | D:7      | Found a runed translucent gate.
  8629 | D:7      | Found a runed translucent gate.
  8645 | D:7      | Found a runed translucent door.
  8647 | D:7      | Found the +9 staff of Olgreb {rPois∞}
  8662 | D:7      | Found a runed translucent gate.
  8681 | D:7      | Reached XP level 9. HP: 59/71 MP: 12/18
  9198 | D:7      | Offered knowledge of Static Discharge by Vehumet.
  9404 | D:8      | Reached *** piety under Vehumet
  9427 | D:8      | Found a staircase to the Lair.
  9548 | D:8      | Reached skill level 1 in Staves
  9564 | D:8      | Reached skill level 5 in Fighting
  9564 | D:8      | Reached XP level 10. HP: 81/81 MP: 17/21
  9568 | D:8      | Identified the +6 trident of Hoewubeh {protect, Int+3}
  9705 | D:8      | Found an ornate altar of the Wu Jian Council.
  9788 | D:8      | Offered knowledge of Sticky Flame by Vehumet.
  9789 | D:8      | Reached skill level 1 in Evocations
  9910 | D:8      | Noticed Maggie
  9926 | D:8      | Killed Maggie
 10101 | D:8      | Found a bloodstained altar of Trog.
 10416 | D:9      | Noticed Pikel
 10418 | D:9      | Noticed a two-headed ogre
 10463 | D:9      | Found Zifemog's Antique Weapon Boutique.
 10562 | D:9      | Killed a two-headed ogre
 10564 | D:9      | Killed Pikel
 10565 | D:9      | Reached skill level 5 in Earth Magic
 10994 | D:9      | Noticed a brown ugly thing
 10995 | D:9      | Found a transporter.
 10996 | D:9      | Found a transporter.
 10996 | D:9      | Found a corrupted altar of Lugonu.
 10996 | D:9      | Noticed a white ugly thing
 10997 | D:9      | Noticed a red ugly thing
 11231 | D:9      | Found a staircase to the Orcish Mines.
 11345 | D:9      | Reached skill level 5 in Dodging
 11644 | D:9      | Found a runed translucent gate.
 11644 | D:9      | Noticed a purple ugly thing
 11645 | D:9      | Found a runed translucent gate.
 11645 | D:9      | Noticed a glowing orange brain
 11645 | D:9      | Noticed a white ugly thing
 11645 | D:9      | Noticed a white ugly thing
 11646 | D:9      | Found a runed translucent gate.
 11646 | D:9      | Noticed a white ugly thing
 11647 | D:9      | Noticed a cyan ugly thing
 11972 | D:9      | Noticed a sphinx
 11975 | D:9      | Noticed a purple ugly thing
 12031 | D:10     | Entered Level 10 of the Dungeon
 12031 | D:10     | Noticed Josephine
 12331 | D:10     | Reached **** piety under Vehumet
 12349 | D:10     | Offered knowledge of Bolt of Magma by Vehumet.
 12358 | D:10     | Learned a level 5 spell: Bolt of Magma
 12386 | D:10     | Reached XP level 11. HP: 75/89 MP: 5/23
 12593 | D:9      | Killed Josephine
 13212 | D:10     | Reached skill level 5 in Staves
 13220 | D:10     | Reached ***** piety under Vehumet
 13222 | D:10     | Offered knowledge of Lee's Rapid Deconstruction by Vehumet.
 13227 | D:10     | Reached skill level 1 in Fire Magic
 13237 | D:10     | Learned a level 5 spell: Lee's Rapid Deconstruction
 13699 | D:11     | Noticed Nergalle
 13716 | D:11     | Killed Nergalle
 13717 | D:11     | Reached skill level 10 in Conjurations
 13801 | D:11     | Noticed a four-headed hydra
 13806 | D:11     | Killed a four-headed hydra
 14021 | D:11     | Noticed a two-headed ogre
 14024 | D:11     | Killed a two-headed ogre
 14274 | D:11     | Noticed a two-headed ogre
 14303 | D:11     | Killed a two-headed ogre
 14308 | D:11     | Noticed Maurice
 14309 | D:11     | Reached XP level 12. HP: 77/97 MP: 5/25
 14340 | D:11     | Killed Maurice
 14605 | D:11     | Noticed an eight-headed hydra
 14609 | D:11     | Killed an eight-headed hydra
 15202 | D:11     | Identified the +5 hunting sling of Ybreg {speed, rPois rF+
                  | Int-4} (You found it on level 11 of the Dungeon)
 16070 | D:12     | Reached skill level 10 in Spellcasting
 16271 | D:13     | Noticed a two-headed ogre
 16280 | D:13     | Killed a two-headed ogre
 17164 | D:14     | Found a gate to the Vaults.
 17504 | D:14     | Reached skill level 10 in Earth Magic
 17559 | D:14     | Noticed a centaur warrior
 17564 | D:14     | Killed a centaur warrior
 17675 | D:14     | Noticed a boulder beetle
 17808 | D:14     | Killed a boulder beetle
 18842 | D:14     | Reached XP level 13. HP: 104/107 MP: 14/27
 19184 | Lair:1   | Entered Level 1 of the Lair of Beasts
 19499 | Lair:1   | Noticed Urug
 19524 | Lair:1   | Killed Urug
 19871 | Lair:1   | Found a transporter.
 19876 | Lair:1   | Found a transporter.
 19895 | Lair:1   | Offered knowledge of Airstrike by Vehumet.
 19899 | Lair:1   | Noticed rlgrobin's ghost (journeyman KoDe)
 20187 | Lair:1   | Reached skill level 5 in Evocations
 21527 | Lair:2   | Found a staircase to the Snake Pit.
 22679 | Lair:3   | Found a runed translucent door.
 22687 | Lair:3   | Noticed SkaryMonk's ghost (journeyman OpTm)
 22852 | Lair:3   | Found a staircase to the Shoals.
 23787 | Lair:3   | Found the +8 whip "Snakebite" {curare, rPois}
 24302 | Lair:4   | Noticed a dire elephant
 24368 | Lair:4   | Killed a dire elephant
 24369 | Lair:4   | Reached XP level 14. HP: 74/118 MP: 27/29
 25817 | Lair:5   | Reached skill level 1 in Maces & Flails
 26079 | Lair:5   | Found a dark tunnel.
 26217 | Volcano  | Entered a volcano
 26845 | Lair:5   | Found a staircase to the Slime Pits.
 27279 | Lair:6   | Entered Level 6 of the Lair of Beasts
 27285 | Lair:6   | Got a pair of jewelled boots
 27288 | Lair:6   | Offered knowledge of Iron Shot by Vehumet.
 27296 | Lair:6   | Learned a level 6 spell: Iron Shot
 27458 | Lair:6   | Found a gate leading to a gauntlet.
 29675 | Lair:6   | Identified the cursed +0 pair of boots "Zexzud" {Dex+7}
                  | (You found it on level 6 of the Lair of Beasts)
 29864 | Orc:1    | Entered Level 1 of the Orcish Mines
 30320 | Orc:2    | Entered Level 2 of the Orcish Mines
 30320 | Orc:2    | Noticed Donald
 30327 | Orc:2    | Noticed Jorgrun
 30341 | Orc:1    | Killed Donald
 30734 | Orc:1    | Killed Jorgrun
 31054 | Orc:2    | Noticed Saint Roka
 31839 | Orc:1    | Killed Saint Roka
 31840 | Orc:1    | Reached skill level 1 in Shields
 31840 | Orc:1    | Reached XP level 15. HP: 94/126 MP: 20/31
 32585 | Orc:2    | Found a staircase to the Elven Halls.
 32899 | Orc:2    | Reached skill level 10 in Fighting
 33286 | Orc:2    | Found Kolenif's Magic Scroll Emporium.
 33286 | Orc:2    | Found Noimiehe's Antique Armour Emporium.
 33303 | Orc:2    | Found Plog's Antique Armour Boutique.
 33310 | Orc:2    | Found Deammerchap's Antique Armour Boutique.
 33332 | Orc:2    | Bought a pair of embroidered gloves for 277 gold pieces
 33332 | Orc:2    | Bought a bloodstained hat for 333 gold pieces
 33349 | Orc:2    | Identified the +0 hat "Oniterar" {rPois rC+} (You bought it
                  | in a shop on level 2 of the Orcish Mines)
 33530 | Lair:3   | Killed SkaryMonk's ghost
 33539 | Lair:3   | Got a crude lead ring
 33541 | Lair:3   | Identified the ring of Mirth {Wiz rPois Str-5 Int+3 Dex+9}
                  | (You found it on level 3 of the Lair of Beasts)
 33642 | Snake:1  | Entered Level 1 of the Snake Pit
 33741 | Snake:1  | Found Popsifrune's Assorted Antiques.
 33756 | Snake:1  | Offered knowledge of Orb of Destruction by Vehumet.
 33765 | Snake:1  | Learned a level 7 spell: Orb of Destruction
 34741 | Shoals:1 | Entered Level 1 of the Shoals
 35463 | Shoals:1 | Found a runed translucent gate.
 35464 | Shoals:1 | Found the macabre finger necklace {rN+}
 35464 | Shoals:1 | Found a runed translucent gate.
 35465 | Shoals:1 | Found a runed translucent gate.
 35467 | Shoals:1 | Noticed Zemygg's ghost (adept SpEn)
 36165 | Shoals:1 | HP: 4/128 [water nymph/the raging water (20)]
 36169 | Shoals:1 | Slain by a harpy

Illustrated notes

Levels and vault maps discovered:
D:1:      lightli_arrival_flooded_house, layout_loops_cross, hex_medium,
          minmay_tromino_v2
D:2:      layout_loops_ring, gammafunk_temple_overflow_forgotten,
          chequers_ecumenical_altar_simple, nicolae_gozag_seed_capital
D:3:      layout_rooms, lemuel_doored_altar
D:4:      layout_gridville, kennysheep_mini_moat, fedhas_altar_3
D:5:      layout_basic, minmay_temple_entry_antechambers, uniq_sigmund
D:6:      layout_rooms, gup_sewer_entry_pipe, basic_altar, uniq_duvessa
D:7:      layout_basic, serial_glass, glass_columns_b, glass_columns_c,
          glass_columns_a, glass_columns_b, glass_columns_a, glass_columns_a,
          chequers_serial_rivers_room_a, roderic_batcave,
          minmay_guarded_unrand_staff_of_olgreb
D:8:      layout_basic, bloody_trog, overflow_temple_1_default,
          due_lair_maze_entry_diamond, uniq_maggie
D:9:      gammafunk_corrupted_shrine, layout_irregular_city, david_orc_1_choice,
          serial_shops, shop, ploomutoo_gammafunk_ghost_potion_laboratory,
          uniq_pikel
D:10:     layout_big_octagon, uniq_josephine
D:11:     layout_loops_cross, uniq_maurice, uniq_nergalle
D:12:     layout_loops_cross, minmay_misc_feat_iff
D:13:     layout_roguey
D:14:     layout_cave_pools, erik_vaults_1, serial_co_window_serial,
          co_window_paths_a, co_window_paths_b, co_window_paths_a,
          co_window_corner_a, co_window_corner_a, co_window_corner_a,
          co_window_broadway_b, co_window_unsneaky_path_b, co_window_paths_c,
          co_window_cross_3, co_window_unsneaky_path_a, co_window_corner_ca,
          co_window_cross_2, glass_columns_a, glass_columns_a, glass_columns_a,
          glass_columns_b, glass_columns_b, minivault_4
Temple:   eino_narrow_crystal_temple
Lair:1:   layout_roguey, gammafunk_ghost_hive, minmay_lair_oklob_chamber,
          uniq_urug
Lair:2:   layout_roguey, minmay_snake_entry_six_corridors, hibernation_bobbens
Lair:3:   minmay_guarded_unrand_snakebite, layout_small_grid,
          elwin_shoals_entry_stream, ebering_ghost_reflecting_pool,
          serial_bayou_shore_a
Lair:4:   beast_lair_carwin_large_2, layout_cave_pods,
          chequers_serial_rivers_large_b, st_stairs_5, serial_bayou_shore_b
Lair:5:   layout_loops_ring, minmay_slime_entry_oklob_open, enter_volcano_4
Lair:6:   evilmike_catoblepas_cave, layout_hall_layers, gauntlet_entry_generic
Shoals:1: layout_shoals, ebering_ghost_rock_garden, nicolae_shoals_drake_roost
Snake:1:  layout_gridlike, serial_shops, shop, grunt_megastairs_4
Orc:1:    layout_caves
Orc:2:    st_orc_elflike, layout_caves, uniq_jorgrun, uniq_donald,
          uniq_saint_roka

Skill      XL: |  1  2  3  4  5  6  7  8  9 10 11 12 13 14 15 |
---------------+----------------------------------------------+-----
Conjurations   | 5 6 7 8 9 10 11 12 | 12.2
Stealth        | 2 3 4 |  4.1
Fighting       | 1 2 4 5 6 7 9 10 | 10.5
Dodging        | 2 3 4 5 6 7 8 |  8.8
Spellcasting   | 3 4 5 6 7 8 9 10 11 12 | 12.7
Short Blades   | 1 |  1.6
Translocations | 1 2 3 |  3.9
Earth Magic    | 2 4 5 7 10 11 12 | 12.8
Staves         | 1 4 5 6 7 8 9 |  9.1
Evocations     | 2 3 4 6 7 8 |  8.6
Fire Magic     | 1 3 |  3.4
Maces & Flails | 1 |  1.7
Shields        | 1 4 |  4.0

Action                   |  1- 3 |  4- 6 |  7- 9 | 10-12 | 13-15 || total
-------------------------+-------+-------+-------+-------+-------++-------
Melee: Dagger            |    29 |    43 |    36 |       |       ||   108
       Tailslap          |     2 |       |    11 |    16 |    70 ||    99
       Staff             |       |       |    51 |   161 |   405 ||   617
       Whip              |       |       |       |       |    87 ||    87
 Cast: Magic Dart        |    60 |    87 |   176 |    49 |       ||   372
       Searing Ray       |     1 |     9 |    27 |    24 |     4 ||    65
       Sandblast         |       |       |     7 |    42 |    34 ||    83
       Iskenderun's Myst |       |       |     2 |    31 |    58 ||    91
       Bolt of Magma     |       |       |       |    61 |    58 ||   119
       Lee's Rapid Decon |       |       |       |    80 |     6 ||    86
       Iron Shot         |       |       |       |       |   100 ||   100
       Orb of Destructio |       |       |       |       |     7 ||     7
Evoke: Staff of Olgreb   |       |       |    19 |   141 |   195 ||   355
       Lightning rod     |       |       |       |     4 |       ||     4
       Wand              |       |       |       |       |     4 ||     4
       Tin of tremorston |       |       |       |       |     3 ||     3
  Use: Scroll            |       |       |    10 |     4 |    32 ||    46
       Potion            |       |       |     2 |     1 |     8 ||    11
 Stab: Sleeping          |       |       |     2 |       |     5 ||     7
       Distracted        |       |       |       |       |     1 ||     1
Armor: Skin              |    10 |    16 |    67 |   113 |   186 ||   392
Dodge: Dodged            |    22 |    21 |    98 |   211 |   401 ||   753
Block: Kite shield       |       |       |       |       |   149 ||   149
       Reflection        |       |       |       |       |    20 ||    20

Table legend: (Time is in decaauts)
 A = Elapsed time spent in this place.
 B = Non-inter-level travel time spent in this place.
 C = Inter-level travel time spent in this place.
 D = Time resting spent in this place.
 E = Time spent auto-exploring this place.
 F = Levels seen in this place.
 G = Mean time per level.
                   A        B        C        D        E       F      G
               +--------+--------+--------+--------+--------+-----+--------+
         Total |  36124 |  34414 |   1710 |   6474 |  22695 |  27 | 1337.9 |
       Dungeon |  18507 |  17430 |   1077 |   2354 |  12513 |  14 | 1321.9 |
        Temple |    211 |    211 |      0 |      0 |    174 |   1 |  211.0 |
          Lair |  11057 |  10511 |    546 |   1818 |   7174 |   6 | 1842.8 |
        Shoals |   1426 |   1426 |      0 |    260 |    931 |   1 | 1426.0 |
     Snake Pit |    741 |    741 |      0 |    144 |    396 |   1 |  741.0 |
  Orcish Mines |   3301 |   3216 |     85 |   1694 |   1028 |   2 | 1650.5 |
         Sewer |    820 |    820 |      0 |    196 |    460 |   1 |  820.0 |
       Volcano |     58 |     58 |      0 |      7 |     19 |   1 |   58.0 |
               +--------+--------+--------+--------+--------+-----+--------+

Top non-repeatable levels by time:
     D:9: 2437 daAuts
  Lair:6: 2415 daAuts
   Orc:1: 2041 daAuts
    D:14: 2039 daAuts
  Lair:2: 1959 daAuts
  Lair:4: 1913 daAuts
  Lair:1: 1870 daAuts
     D:2: 1604 daAuts
    D:11: 1598 daAuts
     D:4: 1531 daAuts
  Lair:3: 1458 daAuts
  Lair:5: 1440 daAuts
Shoals:1: 1426 daAuts
     D:5: 1346 daAuts
   Orc:2: 1260 daAuts
